 Dungeon Crawl Stone Soup version 0.29.1-1-gd02db69 (webtiles) character file.

Game seed: 10235266062028631703

440 Dorkslayer the Chopper (level 7, -8/60 HPs)
             Began as a Hill Orc Fighter on Oct 17, 2022.
             Mangled by an ogre
             ... wielding a +0 giant club
              (28 damage)
             ... on level 4 of the Dungeon.
             The game lasted 00:07:39 (3236 turns).

Dorkslayer the Chopper (Hill Orc Fighter)           Turns: 3236, Time: 00:07:40

Health: -8/60      AC: 12    Str: 21    XL:     7   Next: 2%
Magic:  7/7        EV:  6    Int:  8    God:
Gold:   421        SH:  4    Dex: 10    Spells: 6/6 levels left

rFire   . . .      SeeInvis .   a - +0 war axe
rCold   . . .      Faith    .   c - +0 buckler
rNeg    . . .      Spirit   .   j - +0 plate armour
rPois   .          Reflect  .   (no helmet)
rElec   .          Harm     .   (no cloak)
rCorr   .          Rampage  .   (no gloves)
Will    .....                   (no boots)
Stlth   ..........              (no amulet)
HPRegen 0.20/turn               (no ring)
MPRegen 0.10/turn               (no ring)

@: no status effects
A: no striking features
a: no special abilities


You were on level 4 of the Dungeon.
You visited 1 branch of the dungeon, and saw 4 of its levels.
You also visited: Ossuary.

You collected 421 gold pieces.

Inventory:

Hand Weapons
 a - a +0 war axe (weapon)
Armour
 c - a +0 buckler (worn)
 j - a +0 plate armour (worn)
Scrolls
 g - 3 scrolls of teleportation
 l - a scroll of blinking
Potions
 b - 2 potions of flight {unknown}
 e - a potion of cancellation {unknown}
 f - 7 potions of curing
 h - a potion of invisibility {unknown}
 i - a potion of lignification {unknown}
 n - a potion of magic
 o - a potion of haste {unknown}
 p - a potion of brilliance


   Skills:
 + Level 4.9 Fighting
 + Level 6.1 Axes
 + Level 4.4 Armour
 * Level 2.5 Dodging
 + Level 3.8 Shields


You had 6 spell levels left.
You didn't know any spells.
Your spell library contained the following spells:

 Spells                   Type           Power      Damage    Failure   Level
 Dazzling Flash           Conj/Hex       0%         N/A       100%        3
 Fulminant Prism          Conj/Hex       0%         3d6       100%        4
 Lehudib's Crystal Spear  Conj/Erth      0%         10d2      100%        8
 Chain Lightning          Conj/Air       0%         N/A       100%        9
 Fire Storm               Conj/Fire      0%         5d1       100%        9
 Shatter                  Erth           0%         3d5*      100%        9


Dungeon Overview and Level Annotations

Branches:
Dungeon (4/15)            Ossuary (visited)
 Temple: D:4-7

Altars:
Okawaru


Message History

You now have 375 gold pieces (gained 13).
You now have 381 gold pieces (gained 6).
You now have 387 gold pieces (gained 6).
You now have 406 gold pieces (gained 19).
You now have 421 gold pieces (gained 15).
f - 7 fizzy purple potions (gained 1)
There is an open door here.
As you read the scroll of identify, it crumbles to dust.
l - a scroll of blinking
As you read the scroll of identify, it crumbles to dust.
f - 7 potions of curing
As you read the scroll of identify, it crumbles to dust.
d - a potion of heal wounds
As you read the scroll of identify, it crumbles to dust.
p - a potion of brilliance
There is a gate leading back out of this place here.
Welcome back to the Dungeon!
The ogre hits you with a +0 giant club!!
Ouch! That really hurt!
There is a collapsed entrance, spattered with blood here.
You hit the ogre.
The ogre is lightly wounded.
You slash the ogre!
The ogre is moderately wounded.
You slash the goblin!
You kill the goblin!
You block the ogre's attack. The dart slug launches a dart at you.
The slug dart hits you.
You slash the ogre!
The ogre is heavily wounded.
The ogre hits you with a +0 giant club!!
* * * LOW HITPOINT WARNING * * *
Unknown command.
You feel much better. The ogre hits you with a +0 giant club!
You slash the ogre!
The ogre is almost dead.
You slash the dart slug!
The ogre hits you with a +0 giant club!!
You die...

+#### #...#
.>.# #. ...
#. ##### ###
#. #O..#...#
#.##.@.#.>.#
#.#w..#...#
#.'#### #+
#..# #..#
#.g# ###..#
#.w..#
#.##.# .


You could see an ogre and a dart slug.

Vanquished Creatures
  An ogre (D:2)
  2 phantoms (D:4)
  8 mummies (Ossuary)
  3 adders
  3 worms
  5 orcs (D:3)
  5 endoplasms
  3 giant cockroaches
  5 goblins
  6 hobgoblins
  5 quokkas
  2 ball pythons (D:4)
  7 bats
  A frilled lizard (D:2)
  A hobgoblin zombie (Ossuary)
  3 kobolds (D:2)
  3 kobold zombies (Ossuary)
  4 orc zombies (Ossuary)
  9 rats
76 creatures vanquished.

Vanquished Creatures (collateral kills)
  A hobgoblin (D:4)
1 creature vanquished.

Grand Total: 77 creatures vanquished

Notes
Turn   | Place    | Note
-------+----------+-------------------------------------------
     0 | D:1      | Dorkslayer the Hill Orc Fighter began the quest for the
                  | Orb.
     0 | D:1      | Reached XP level 1. HP: 19/19 MP: 1/1
   297 | D:1      | Got the Vellum of Striking
   330 | D:1      | Reached XP level 2. HP: 27/27 MP: 2/2
   624 | D:1      | Found a faded altar of an unknown god.
   891 | D:2      | Reached skill level 3 in Axes
   891 | D:2      | Reached XP level 3. HP: 27/33 MP: 3/3
   927 | D:2      | Noticed an ogre
   940 | D:2      | Killed an ogre
   941 | D:2      | Reached skill level 4 in Axes
   941 | D:2      | Reached skill level 1 in Dodging
   941 | D:2      | Reached XP level 4. HP: 10/40 MP: 4/4
  1031 | D:2      | Reached XP level 5. HP: 23/46 MP: 5/5
  1931 | D:3      | Found an iron altar of Okawaru.
  2472 | D:4      | Reached skill level 5 in Axes
  2621 | D:4      | Noticed a phantom
  2639 | D:4      | Killed a phantom
  2640 | D:4      | Reached XP level 6. HP: 24/53 MP: 6/6
  2754 | D:4      | Found a sand-covered staircase.
  2759 | Ossuary  | Entered an ossuary
  2778 | Ossuary  | Reached skill level 6 in Axes
  3044 | Ossuary  | Reached XP level 7. HP: 47/60 MP: 7/7
  3234 | D:4      | HP: 3/60 [ogre/+0 giant club (21)]
  3236 | D:4      | Mangled by an ogre

Illustrated notes

Levels and vault maps discovered:
D:1:      giann_wishing_wells, layout_loops_ring, basic_ecumenical_altar,
          dreamdust_wishing_well
D:2:      layout_basic
D:3:      layout_basic, mainiacjoe_overflow_small_starburst,
          minmay_misc_feat_ornament
D:4:      layout_loops_ring, nicolae_ossuary_entry_false_entrances,
          sigmund_edmund_badplayer

Skill      XL: |  1  2  3  4  5  6 |
---------------+-------------------+-----
Fighting       | 4 |  4.9
Axes           | 3 4 5 6 |  6.1
Armour         | 4 |  4.4
Dodging        | 1 2 |  2.5
Shields        | |  3.8

Action                   |  1- 3 |  4- 6 |  7- 9 || total
-------------------------+-------+-------+-------++-------
Melee: War axe           |    60 |   163 |     4 ||   227
  Use: Potion            |     1 |     1 |     1 ||     3
       Scroll            |       |     5 |     4 ||     9
Armor: Scale mail        |    32 |     7 |       ||    39
       Plate armour      |       |    71 |       ||    71
Dodge: Dodged            |    43 |    51 |       ||    94
Block: Buckler           |    16 |    34 |     1 ||    51
